 Dungeon Crawl Stone Soup version 0.32-a0-350-g4f4d228785 (webtiles) character file.

Game seed: 8080228715456495259

27234 Asceticacid the Severer (level 13, -10/111 HPs)
             Began as a Minotaur Berserker on Feb 17, 2024.
             Was an Elder of Trog.
             Shot with an arrow by a centaur warrior (26 damage)
             ... on level 13 of the Dungeon.
             The game lasted 00:20:59 (13418 turns).

Asceticacid the Severer (Minotaur Berserker)       Turns: 13418, Time: 00:21:00

Health: -10/111    AC:  8    Str: 26    XL:     13   Next: 3%
Magic:  12/12      EV: 18    Int:  4    God:    Trog [****..]
Gold:   753        SH:  0    Dex: 27    Spells: 12/12 levels left

rFire   . . .        C - +1 broad axe (venom)
rCold   . . .        A - orb {light}
rNeg    . . .        L - +0 acid dragon scales
rPois   .            g - +1 hat of the Skies Above {Str+4 SInv}
rElec   .            (no cloak)
rCorr   +            (no gloves)
SInv    +            (no boots)
Will    .....        (no amulet)
Stlth   +            c - +6 ring of dexterity
HPRegen 0.38/turn    d - +6 ring of dexterity
MPRegen 0.13/turn

%: no passive effects
@: glowing, studying Alchemy
A: horns 2, retaliatory headbutt
a: Renounce Religion, Berserk, Trog's Hand, Brothers in Arms


You were on level 13 of the Dungeon.
You worshipped Trog.
Trog was greatly pleased with you.
You visited 2 branches of the dungeon, and saw 14 of its levels.

You collected 1280 gold pieces.
You spent 527 gold pieces at shops.

Inventory:

Hand Weapons
 b - a -2 demon whip of venom
 p - a +0 flail of draining
 C - a +1 broad axe of venom (weapon)
 O - a +2 arbalest of electrocution
Missiles
 i - 6 atropa-tipped darts
 l - a throwing net (quivered)
Armour
 g - the +1 hat of the Skies Above (worn) {Str+4 SInv}
   (You acquired it on level 6 of the Dungeon)

   Str+4:     It affects your strength (+4).
   SInv:      It lets you see invisible.
 A - an orb of light (worn)
 L - +0 acid dragon scales (worn)
Jewellery
 c - a +6 ring of dexterity (left hand)
 d - a +6 ring of dexterity (right hand)
 j - a ring of willpower
 B - an amulet of the acrobat
 G - an amulet of regeneration
 M - a ring of ice
Wands
 t - a wand of roots (17)
 u - a wand of quicksilver (24)
 N - a wand of flame (29)
Scrolls
 a - a scroll of brand weapon
 m - a scroll of poison
 o - 3 scrolls of enchant weapon
 r - 8 scrolls of teleportation
 s - a scroll of fear
 y - a scroll of revelation
 D - a scroll of amnesia
 E - a scroll of fog {unknown}
 F - a scroll of summoning {unknown}
 I - 3 scrolls of blinking
Potions
 e - 2 potions of curing
 f - 4 potions of haste
 h - a potion of cancellation
 k - 3 potions of might
 n - 2 potions of lignification
 v - 2 potions of attraction
 w - 3 potions of enlightenment
 x - 3 potions of invisibility
 z - 4 potions of degeneration
 H - 2 potions of mutation
 J - a potion of brilliance
 K - 2 potions of resistance
 P - a potion of heal wounds


   Skills:
 + Level 9.0 Fighting
 - Level 19.5(20.8) Axes
 - Level 12.5(17.4) Maces & Flails
 + Level 6.3 Armour
 + Level 7.3 Dodging


You had 12 spell levels left.
You didn't know any spells.
Your spell library contained the following spells:

 Spells                   Type           Power      Damage    Failure   Level
 Tukima's Dance           Hex            0%         N/A       90%         3
 Passage of Golubria      Tloc           0%         N/A       100%        4
 Yara's Violent Unravell  Hex/Alch       0%         3d3       100%        5


Dungeon Overview and Level Annotations

Branches:
Dungeon (13/15)            Temple (0/1) D:6            Lair (0/5) D:11
    Orc (2/2) D:12            Elf (0/3) Orc:2
 Vaults: D:13-14

Altars:
Cheibriados
Elyvilon
Gozag
Kikubaaqudgha
Ru
Vehumet
Xom
Zin
Beogh

Shops:
Orc:2 !!??

Annotations:
D:7 2 transporters
D:13 Josephine


Innate Abilities, Weirdness & Mutations

You have a pair of horns on your head.
You reflexively headbutt those who attack you in melee.


Message History

You slice the centaur!!
The centaur is poisoned.
The centaur hits you. The centaur completely misses you.
Your Fighting skill increases to level 9!
You kill the centaur!
Trog accepts your kill.
Things that are here:
a +0 shortbow; a centaur corpse No target in view!
No target in view!
No target in view!
No target in view!
You now have 753 gold pieces (gained 8).
There is an open door, spattered with blood here.
Things that are here:
a +0 orcbow; a centaur corpse A centaur warrior is nearby!
A centaur warrior is nearby!
A centaur warrior is nearby!
A centaur warrior is nearby!
The centaur warrior shoots an arrow.
The arrow hits you!!
You hear a shout!
Things that are here:
a +0 orcbow; a centaur corpse The centaur warrior shoots an arrow.
The arrow hits you!
A troll comes into view.
The centaur warrior shoots an arrow.
The arrow hits you!!
* * * LOW HITPOINT WARNING * * *
You are too injured to fight recklessly!
Your ogre goes berserk!
The centaur warrior shoots an arrow.
The arrow hits your ogre!
The centaur warrior shoots an arrow.
The arrow hits your ogre!
The centaur warrior shoots an arrow.
The arrow hits your ogre!!
Your ogre dies!
Your ogre's corpse disappears in a puff of smoke!
Things that are here:
a +0 orcbow; a centaur corpse
Things that are here:
a +0 shortbow; a centaur corpse The centaur warrior shoots an arrow.
The arrow hits you!!
You die...

............#...).....#######'#..
............#.........c..........
............#.........cc...../...
............#........J...........
#######.....#....########'#......
......#######....# #......
.................# #.....c
.................# #......
................@##########......
.................))...cT.T....###
................#)#######....:#
................#.......#.....#
..#######.......#.......#.....#
..# #.....###.......#...^.# ..#
#.....# ........#.....#+# ..#
#....# ........#........ ..#
#.... ........#........


You could see a centaur warrior and a troll.

Vanquished Creatures
  Fannar (D:11)
  2 hydras (D:13)
  A centaur warrior (D:8)
  2 boulder beetles (D:12)
  3 orc high priests (Orc:2)
  Sonja (D:13)
  Amaemon (D:8)
  2 ugly things
  4 orc sorcerers
  3 orc knights (Orc:2)
  An elephant (D:11)
  2 cyclopes (D:12)
  2 gargoyles
  4 kobold blastminers
  An orange demon (D:8)
  An efreet (D:13)
  Maggie (D:8)
  3 unseen horrors
  A kobold demonologist (D:10)
  4 trolls
  A hornet (D:7)
  A vampire (D:12)
  5 wraiths
  9 yaks
  A wyvern (D:7)
  2 basilisks
  4 steam dragons
  A warg (Orc:2)
  Edmund (D:4)
  3 acid dragons
  A water moccasin (D:7)
  8 orc warriors
  2 laughing skulls (D:13)
  2 ice beasts
  2 sky beasts
  3 black bears
  2 ogres
  3 centaurs (D:13)
  A gnoll sergeant (D:10)
  4 kobold brigands
  2 bullfrogs
  3 scorpions
  9 wights
  34 killer bees
  An electric eel (D:10)
  5 howler monkeys
  4 bombardier beetles
  3 jellies
  13 orc priests
  A gnoll bouda (D:8)
  5 iguanas
  Natasha (D:2)
  12 orc wizards
  8 gnolls
  8 adders
  2 ribbon worms (D:3)
  3 dart slugs
  47 orcs
  7 ball pythons
  4 endoplasms
  3 giant cockroaches
  5 hobgoblins
  3 jackals (D:2)
  7 bats
  7 frilled lizards
  8 goblins
  25 kobolds
  2 rats (D:1)
328 creatures vanquished.

Vanquished Creatures (collateral kills)
  An orc knight (Orc:2)
  2 orc sorcerers (Orc:2)
3 creatures vanquished.

Vanquished Creatures (others)
  A kobold (D:7)
1 creature vanquished.

Grand Total: 332 creatures vanquished

Notes
Turn   | Place    | Note
-------+----------+-------------------------------------------
     0 | D:1      | Asceticacid the Minotaur Berserker began the quest for the
                  | Orb.
     0 | D:1      | Reached XP level 1. HP: 19/19 MP: 0/0
    95 | D:1      | Reached skill level 4 in Axes
    99 | D:1      | Reached XP level 2. HP: 19/26 MP: 1/1
   207 | D:1      | Found a faded altar of an unknown god.
   360 | D:1      | Reached skill level 5 in Axes
   364 | D:1      | Reached XP level 3. HP: 31/31 MP: 2/2
   482 | D:2      | Reached ** piety under Trog
   567 | D:2      | Reached XP level 4. HP: 36/39 MP: 3/3
   577 | D:2      | Reached skill level 6 in Axes
   731 | D:2      | Noticed Natasha
   742 | D:2      | Killed Natasha
  1037 | D:2      | Reached skill level 7 in Axes
  1037 | D:2      | Reached XP level 5. HP: 45/45 MP: 4/4
  1781 | D:3      | Reached *** piety under Trog
  1790 | D:3      | Reached skill level 8 in Axes
  1809 | D:3      | Reached XP level 6. HP: 51/51 MP: 5/5
  1916 | D:3      | Found a glowing silver altar of Zin.
  2091 | D:4      | Noticed Edmund
  2104 | D:4      | Killed Edmund
  2105 | D:4      | Reached skill level 9 in Axes
  2211 | D:4      | You fall into a shaft and drop 2 floors!
  2211 | D:6      | Found a staircase to the Ecumenical Temple.
  2354 | D:6      | Noticed an ice beast
  2360 | D:6      | Killed an ice beast
  2361 | D:6      | Reached XP level 7. HP: 57/57 MP: 6/6
  2416 | D:6      | Found an ancient bone altar of Kikubaaqudgha.
  2535 | D:6      | Found a sacrificial altar of Ru.
  2539 | D:6      | Found a radiant altar of Vehumet.
  3014 | D:6      | Reached skill level 5 in Maces & Flails
  3342 | D:7      | Reached XP level 8. HP: 19/64 MP: 7/7
  3500 | D:6      | Identified a scroll of acquirement
  3500 | D:6      | Acquired the +1 hat of the Skies Above {Str+4 SInv}
  3512 | D:7      | Noticed a hornet
  3514 | D:7      | Paralysed by a hornet for 2 turns
  3520 | D:7      | Killed a hornet
  4523 | D:7      | Found a transporter.
  4524 | D:7      | Found a white marble altar of Elyvilon.
  4540 | D:7      | Reached skill level 10 in Maces & Flails
  4540 | D:7      | Reached XP level 9. HP: 73/73 MP: 8/8
  4541 | D:7      | Reached skill level 5 in Fighting
  4600 | D:7      | Found a transporter.
  4982 | D:8      | Noticed a centaur warrior
  4992 | D:8      | Killed a centaur warrior
  5262 | D:8      | Noticed Maggie
  5314 | D:8      | Killed Maggie
  5315 | D:8      | Reached skill level 5 in Dodging
  5401 | D:8      | Noticed Amaemon
  5427 | D:8      | Killed Amaemon
  5428 | D:8      | Reached skill level 10 in Axes
  5428 | D:8      | Reached XP level 10. HP: 83/83 MP: 9/9
  5435 | D:8      | Noticed an orange demon
  5454 | D:8      | Killed an orange demon
  5549 | D:8      | Reached skill level 11 in Axes
  6016 | D:8      | Reached skill level 12 in Axes
  6530 | D:9      | Found an opulent altar of Gozag.
  6530 | D:9      | Found a snail-covered altar of Cheibriados.
  7095 | D:10     | Entered Level 10 of the Dungeon
  7107 | D:10     | Reached **** piety under Trog
  7224 | D:10     | Reached skill level 13 in Axes
  7442 | D:10     | Noticed a white ugly thing
  7467 | D:10     | Killed a white ugly thing
  7523 | D:10     | Noticed a gargoyle
  7541 | D:10     | Killed a gargoyle
  7542 | D:10     | Reached skill level 14 in Axes
  7752 | D:10     | Reached XP level 11. HP: 77/89 MP: 10/10
  8113 | D:10     | Found a roughly hewn altar of Beogh.
  8256 | D:10     | Reached skill level 15 in Axes
  8341 | D:10     | Noticed a sun demon
  8564 | D:11     | Reached skill level 16 in Axes
  8908 | D:11     | Noticed Fannar
  8922 | D:11     | Killed Fannar
  9023 | D:11     | Noticed a green ugly thing
  9026 | D:11     | Reached skill level 17 in Axes
  9029 | D:11     | Killed a green ugly thing
  9163 | D:11     | Found a staircase to the Lair.
  9249 | D:11     | Found a shimmering altar of Xom.
  9636 | D:12     | Noticed a boulder beetle
  9657 | D:12     | Killed a boulder beetle
  9749 | D:12     | Noticed a boulder beetle
  9763 | D:12     | Killed a boulder beetle
  9764 | D:12     | Reached skill level 18 in Axes
 10090 | D:12     | Found a staircase to the Orcish Mines.
 10221 | D:12     | Reached XP level 12. HP: 74/96 MP: 11/11
 10404 | D:13     | Noticed Sonja
 10414 | D:13     | Killed Sonja
 10493 | D:13     | Noticed an eight-headed hydra
 10500 | D:13     | Killed an eight-headed hydra
 10706 | D:13     | Reached skill level 19 in Axes
 10795 | D:13     | Noticed a seven-headed hydra
 10803 | D:13     | Killed a seven-headed hydra
 10975 | D:13     | Noticed a centaur warrior
 10976 | D:13     | Noticed a centaur warrior
 11337 | Orc:1    | Entered Level 1 of the Orcish Mines
 11618 | Orc:2    | Entered Level 2 of the Orcish Mines
 11723 | Orc:2    | Found a staircase to the Elven Halls.
 12073 | Orc:2    | Noticed an orc high priest
 12076 | Orc:2    | Killed an orc high priest
 12077 | Orc:2    | Found Pakheuxi's Magic Scroll Shoppe.
 12078 | Orc:2    | Reached ***** piety under Trog
 12087 | Orc:2    | Noticed an orc high priest
 12115 | Orc:2    | Killed an orc high priest
 12116 | Orc:2    | Reached skill level 5 in Armour
 12118 | Orc:2    | HP: 4/101 [poisoned by you (poison gas)]
 12577 | Orc:2    | Noticed an orc high priest
 12808 | Orc:2    | Found Tasinia's Magic Scroll Shoppe.
 12810 | Orc:2    | Found Unnue's Distillery.
 12815 | Orc:2    | Found Biroi's Distillery.
 12817 | Orc:2    | Bought a scroll of teleportation for 42 gold pieces
 12817 | Orc:2    | Bought a scroll of teleportation for 42 gold pieces
 12817 | Orc:2    | Bought a scroll of blinking for 105 gold pieces
 12817 | Orc:2    | Bought a scroll of blinking for 105 gold pieces
 12817 | Orc:2    | Bought a scroll of enchant weapon for 105 gold pieces
 12817 | Orc:2    | Bought a scroll of identify for 28 gold pieces
 12817 | Orc:2    | Bought a scroll of identify for 28 gold pieces
 12828 | Orc:2    | Bought a potion of heal wounds for 60 gold pieces
 12828 | Orc:2    | Bought a potion of degeneration for 12 gold pieces
 12897 | Orc:2    | Killed an orc high priest
 13147 | Orc:1    | Reached XP level 13. HP: 89/110 MP: 12/12
 13296 | D:13     | Noticed Josephine
 13418 | D:13     | Shot with an arrow by a centaur warrior

Illustrated notes

Levels and vault maps discovered:
D:1:      heliophobic_arrival_dark_side_of_the_moon, layout_rooms,
          ebering_ecumenical_altar_rust, hangedman_decor_push
D:2:      layout_loops_cross, serial_park_tiny_1, uniq_natasha
D:3:      layout_basic, mainiacjoe_overflow_paths, minmay_misc_feat_encased,
          columned_hall_lemuel
D:4:      layout_rooms, grunt_qazlal_sundering, nrook_loot_triangle, uniq_edmund
D:6:      layout_loops_cross, kiku_gazebo_pond_becter, minitemple,
          minmay_temple_entry_statues_fountains, minivault_25, chequers_jeans,
          nicolae_houndstooth_variations
D:7:      layout_rooms, elyvilon_altar_4, nicolae_elevator_lobby_asterisk
D:8:      layout_basic, minmay_manual_moon, uniq_amaemon, uniq_maggie
D:9:      layout_roguey, mainiacjoe_overflow_large_starburst
D:10:     wad_river_or_something, layout_long_grid, special_room
          [special_room_orc], kennysheep_nondescript
D:11:     layout_roguey, grunt_lair_entry_orc_guard_hut, xom_teletrap_fun,
          uniq_fannar
D:12:     layout_irregular_city, orc_0_dummy, kennysheep_small_spiral,
          chequers_serial_rivers_large_b, minmay_misc_feat_hallway
D:13:     layout_irregular_city, uniq_azrael, uniq_sonja, uniq_josephine
Orc:1:    layout_diamond_mine
Orc:2:    st_orc_elflike, layout_diamond_mine

Skill      XL: |  1  2  3  4  5  6  7  8  9 10 11 12 13 |
---------------+----------------------------------------+-----
Axes           | 4 5 7 8 9 10 14 18 19 | 19.5
Maces & Flails | 2 7 10 12 | 12.5
Fighting       | 4 6 8 9 |  9.0
Dodging        | 3 5 7 |  7.3
Armour         | 6 |  6.3

Action                     |  1- 3 |  4- 6 |  7- 9 | 10-12 | 13-15 || total
---------------------------+-------+-------+-------+-------+-------++-------
  Melee: Hand axe          |    51 |    88 |       |       |       ||   139
         Headbutt          |    12 |    15 |    24 |    95 |     2 ||   148
         Flail             |       |     6 |   130 |    14 |       ||   150
         Broad axe         |       |       |     7 |   362 |     7 ||   376
  Throw: Dart              |       |       |       |     2 |       ||     2
 Invoke: Berserk           |       |     5 |    11 |    14 |       ||    30
         Trog's Hand       |       |     1 |     2 |     8 |       ||    11
         Brothers in Arms  |       |       |       |     3 |     1 ||     4
  Evoke: Wand              |       |       |     6 |     4 |       ||    10
    Use: Scroll            |       |     5 |     2 |    16 |       ||    23
         Potion            |       |       |       |     1 |       ||     1
   Stab: Sleeping          |     1 |     8 |     2 |       |       ||    11
         Distracted        |       |       |       |     3 |       ||     3
 Armour: Animal skin       |    19 |    37 |    77 |       |       ||   133
         Steam dragon scal |       |       |     2 |    68 |       ||    70
         Acid dragon scale |       |       |       |   134 |    14 ||   148
  Dodge: Dodged            |    45 |    71 |    90 |   245 |    31 ||   482

Table legend: (Time is in decaauts)
 A = Elapsed time spent in this place.
 B = Non-inter-level travel time spent in this place.
 C = Inter-level travel time spent in this place.
 D = Time resting spent in this place.
 E = Time spent auto-exploring this place.
 F = Levels seen in this place.
 G = Mean time per level.
                   A        B        C        D        E       F      G
               +--------+--------+--------+--------+--------+-----+--------+
         Total |  13695 |  13252 |    443 |   3068 |   7629 |  14 |  978.2 |
       Dungeon |  11963 |  11559 |    404 |   2760 |   6622 |  12 |  996.9 |
  Orcish Mines |   1731 |   1693 |     38 |    308 |   1007 |   2 |  865.5 |
               +--------+--------+--------+--------+--------+-----+--------+

Top non-repeatable levels by time:
    D:12: 1632 daAuts
     D:6: 1602 daAuts
   Orc:2: 1523 daAuts
    D:10: 1422 daAuts
     D:8: 1342 daAuts
     D:7: 1139 daAuts
     D:9: 927 daAuts
    D:11: 907 daAuts
     D:2: 862 daAuts
    D:13: 745 daAuts
     D:3: 715 daAuts
     D:1: 461 daAuts
   Orc:1: 207 daAuts
     D:4: 205 daAuts
